cohdb
Replays
Latest Replays
All Replays
Popular Replays
Top Player Replays
Match Explorer
How It Works
Community
CoH3 Stats
Reddit
Sign in to upload your games and track your stats! →
Sign in with Steam
Match 23726223
Unlisted
Match 23726223
Overview
Messages
Build Orders
End
Selects Australian Defense Battlegroup
Selects Australian Light Infantry Section
Australian Light Infantry Section
Construct Section Command Post
Royal Engineer Section
Infantry Section
Construct Field Infirmary
ML 3-inch Mortar Team
Construct Platoon Command Post
Selects 2-pounder Anti-tank Gun Team
2-pounder Anti-tank Gun Team
Humber Armored Car
Selects CMP 15cwt Supply Run
CMP 15cwt Supply Run
Construct Company Command Post
6-pounder Anti-tank Gun Team
heybuy
ah
Empa
Samson (MykillJackson)
0
0
Comments
sign in to comment!
No comments posted yet!